 Dungeon Crawl Stone Soup version 0.29.0-5-ge4962eb29e (webtiles) character file.

Game seed: 3586698555820005574

2594 firemarshallily the Carver (level 9, -1/117 HPs)
             Began as a Merfolk Gladiator on Aug 28, 2022.
             Was a Follower of Uskayaw.
             Killed from afar by a steam dragon (7 damage)
             ... with a ball of steam
             ... on level 8 of the Dungeon.
             The game lasted 01:17:43 (7892 turns).

firemarshallily the Carver (Merfolk Gladiator)      Turns: 7892, Time: 01:17:46

Health: -1/117     AC: 24    Str: 13    XL:     9   Next: 58%
Magic:  1/9        EV:  2    Int: 13    God:    Uskayaw [*.....]
Gold:   503        SH:  0    Dex: 17    Spells: 8/8 levels left

rFire   . . .      SeeInvis .   a - +0 long sword
rCold   + . .      Faith    .   (no shield)
rNeg    + . .      Spirit   .   (body armour currently unavailable)
rPois   +          Reflect  .   (helmet currently unavailable)
rElec   .          Harm     .   (cloak currently unavailable)
rCorr   .          Rampage  .   (gloves currently unavailable)
Will    .....      NoTele   +   (boots currently unavailable)
Stlth   ++........              (no amulet)
HPRegen 0.29/turn               s - ring of positive energy
MPRegen 0.11/turn               y - ring of protection from cold

@: tree-form, studying Invocations
A: stationary, stasis, torment immunity, boosted hp, (nimble swimmer 2),
(mertail), clever 1, (fire resistance 1), MP-powered wands
a: Renounce Religion, Stomp


You were on level 8 of the Dungeon.
You worshipped Uskayaw.
Uskayaw was noncommittal.
You were a tree.
You visited 2 branches of the dungeon, and saw 9 of its levels.

You collected 503 gold pieces.

Inventory:

Hand Weapons
 a - a +0 long sword (weapon)
 b - a +2 dagger of venom
 n - the +0 sling "Hell-Harrower" {venom, rPois}
   (You found it on level 4 of the Dungeon)

   Any ammunition fired from it poisons the flesh of those it strikes.
   rPois:     It protects you from poison.
 p - the +6 war axe "Ratz" {protect, Contam rF+++ SInv Stlth-}
   (You found it on level 7 of the Dungeon)

   It grants its wielder temporary protection when it strikes (+7 to AC).
   rF:        It renders you almost immune to fire.
   SInv:      It lets you see invisible.
   Contam:    It causes magical contamination when unequipped.
   Stlth:     It makes you less stealthy.
Missiles
 d - 3 throwing nets
 e - a javelin
 o - 33 stones
 r - 13 poisoned darts (quivered)
Armour
 c - a +0 helmet (melded)
 f - a +0 troll leather armour (melded) {Pargi}
 h - a +0 ring mail
 t - a scarf of resistance (melded)
 x - a +0 pair of gloves (melded)
Jewellery
 s - a ring of positive energy (left branch)
 y - a ring of protection from cold (right branch)
Wands
 j - a wand of charming (3)
 q - a wand of flame (29)
Scrolls
 k - a scroll of teleportation
 m - 4 scrolls of identify
 u - a scroll of magic mapping
 w - a scroll of immolation
 A - a scroll of torment
Potions
 i - 2 potions of brilliance
 z - a potion of cancellation


   Skills:
 * Level 9.9 Fighting
 * Level 11.1 Long Blades
 - Level 2.0 Throwing
 + Level 5.4 Dodging


You had 8 spell levels left.
You didn't know any spells.
Your spell library contained the following spells:

 Spells                   Type           Power      Damage    Failure   Level
 Sandblast                Erth           0%         2d4       30%         1
 Blink                    Tloc           0%         N/A       43%         2
 Passwall                 Tmut/Erth      0%         N/A       43%         2
 Sublimation of Blood     Necr           0%         N/A       43%         2
 Wereblood                Tmut           0%         N/A       43%         2
 Confusing Touch          Hex            0%         N/A       67%         3
 Ignite Poison            Fire/Tmut/Pois 0%         N/A       67%         3
 Mephitic Cloud           Conj/Pois/Air  0%         N/A       67%         3
 Stone Arrow              Conj/Erth      0%         3d7       67%         3
 Freezing Cloud           Conj/Ice/Air   0%         6-21      100%        5
 Manifold Assault         Tloc           0%         N/A       100%        5
 Yara's Violent Unravell  Hex/Tmut       0%         3d3       100%        5
 Enfeeble                 Hex            0%         N/A       100%        7
 Storm Form               Tmut/Air       0%         N/A       100%        7
 Summon Hydra             Summ           0%         N/A       100%        7


Dungeon Overview and Level Annotations

Branches:
Dungeon (8/15)             Temple (1/1) D:7
   Lair: D:8-11

Altars:
Ashenzari
Cheibriados
Dithmenos
Elyvilon
Fedhas
Gozag
Hepliaklqana
Kikubaaqudgha
Makhleb
Nemelex Xobeh
Okawaru
Qazlal
Ru
Sif Muna
Trog
Uskayaw
Vehumet
Wu Jian
Xom
Yredelemnul
Zin
The Shining One


Innate Abilities, Weirdness & Mutations

You are a tree.
Your roots penetrate the ground, keeping you stationary.
You cannot be teleported.
You are immune to unholy pain and torment.
Your maximum health is greatly increased.
Your equipment is partially melded.
((You are very nimble when in or above water. (Stealth+, EV+, Speed+++)))
((Your lower body shifts to a powerful aquatic tail in water.))
Your mind is acute. (Int +4, Str/Dex -1)
((Your flesh is heat resistant. (rF+)))
You expend magic power (3 MP) to strengthen your wands.


Message History

Your centaur kicks the centaur but does no damage.
Throw: 16 darts (poison)
Press: ? - help, Q - select action, (/) - cycle Shift-Dir - straight line, f - centaur
Aim: a centaur, wielding a +0 shortbow (moderately wounded, ally target, 75% to hit)
You throw a poisoned dart.
The poisoned dart barely misses the centaur.
The centaur shoots an arrow.
The arrow completely misses you.
Your centaur completely misses the centaur.
Your centaur kicks the centaur.
Throw: 15 darts (poison)
Press: ? - help, Q - select action, (/) - cycle Shift-Dir - straight line, f/p - centaur
Aim: a centaur, wielding a +0 shortbow (moderately wounded, not watching you, ally target, 75% to hit)
You throw a poisoned dart. The poisoned dart hits the centaur.
The centaur is poisoned.
The centaur is moderately wounded.
Your centaur hits the centaur.
Your centaur closely misses the centaur.
The centaur shoots an arrow.
The arrow hits you!
* * * LOW HITPOINT WARNING * * *
As you read the scroll of fear, it crumbles to dust.
You assume a fearsome visage.
The centaur looks frightened!
The steam dragon looks frightened!
Your centaur hits the centaur.
Your centaur's attack snaps the centaur out of its fear.
Your centaur kicks the centaur.
The centaur dies!
Your centaur wields a +0 shortbow.
Your centaur shoots an arrow.
The arrow barely misses the steam dragon.
Throw: 14 darts (poison)
Press: ? - help, Q - select action, (/) - cycle Shift-Dir - straight line, f - steam dragon
Aim: a steam dragon (fleeing, ally target, 65% to hit)
You throw a poisoned dart.
The poisoned dart hits the steam dragon.
The steam dragon is poisoned.
Your attack snaps the steam dragon out of its fear.
Your centaur shoots an arrow.
The arrow closely misses the steam dragon.
The steam dragon breathes steam at you. The ball of steam hits you!
You die...

.......(....... .
.................... ..
....................#...
...D................#...
....(.c)................
.....§).................
......§)§......###..###.
..####♣................
......§§................
......................).
........###...........#.
........# #...........#.
......### #...........#.
...... #.........###.
###### #.........# #.
#.........# ##


You could see a friendly centaur (charmed).

Vanquished Creatures
  A hornet (D:8)
  2 vampire mosquitoes
  A water moccasin (D:7)
  Pargi (D:4)
  A black bear (D:4)
  A centaur (D:5)
  2 ogres (D:5)
  2 phantoms
  2 kobold brigands
  A bullfrog (D:7)
  2 necrophages
  3 scorpions
  6 killer bees (D:8)
  2 howler monkeys (D:5)
  2 hounds
  A gnoll bouda (D:7)
  5 iguanas
  3 orc wizards
  9 gnolls
  4 adders
  A white imp (D:5)
  An ufetubus (D:4)
  A dart slug (D:2)
  31 orcs
  6 ball pythons
  5 endoplasms
  3 giant cockroaches
  4 goblins
  10 hobgoblins
  A jackal (D:6)
  A quokka (D:4)
  2 bats (D:3)
  4 frilled lizards
  17 kobolds
  A rat (D:1)
139 creatures vanquished.

Vanquished Creatures (collateral kills)
  A centaur (D:8)
  2 orcs (D:8)
3 creatures vanquished.

Vanquished Creatures (others)
  A gnoll bouda (D:8)
  2 plants (D:2)
3 creatures vanquished.

Grand Total: 145 creatures vanquished

Notes
Turn   | Place    | Note
-------+----------+-------------------------------------------
     0 | D:1      | firemarshallily the Merfolk Gladiator began the quest for
                  | the Orb.
     0 | D:1      | Reached XP level 1. HP: 16/16 MP: 1/1
   746 | D:2      | Reached skill level 4 in Long Blades
   746 | D:2      | Reached XP level 2. HP: 16/23 MP: 2/2
  1002 | D:2      | Reached XP level 3. HP: 18/29 MP: 3/3
  1335 | D:2      | Reached XP level 4. HP: 21/36 MP: 4/4
  1992 | D:3      | Noticed a kobold brigand
  2119 | D:3      | Killed a kobold brigand
  2120 | D:3      | Reached skill level 5 in Long Blades
  2120 | D:3      | Reached XP level 5. HP: 35/43 MP: 5/5
  3296 | D:4      | Identified the +0 sling "Hell-Harrower" {venom, rPois}
  3474 | D:4      | Noticed Pargi
  3482 | D:4      | Gained mutation: You sometimes lose your temper in combat.
                  | [potion of mutation]
  3482 | D:4      | Gained mutation: Your spells are a little harder to cast,
                  | but a little more powerful. [potion of mutation]
  3482 | D:4      | Gained mutation: Your flesh is heat resistant. (rF+)
                  | [potion of mutation]
  3488 | D:4      | Killed Pargi
  3489 | D:4      | Reached skill level 5 in Fighting
  3489 | D:4      | Reached skill level 6 in Long Blades
  3489 | D:4      | Reached XP level 6. HP: 41/51 MP: 6/6
  3733 | D:4      | Noticed a black bear
  3746 | D:4      | Killed a black bear
  4079 | D:4      | Lost mutation: You sometimes lose your temper in combat.
                  | [potion of mutation]
  4079 | D:4      | Lost mutation: Your spells are a little harder to cast, but
                  | a little more powerful. [potion of mutation]
  4079 | D:4      | Gained mutation: Your mind is acute. (Int +4, Str/Dex -1)
                  | [potion of mutation]
  4079 | D:4      | Gained mutation: You expend magic power (3 MP) to
                  | strengthen your wands. [potion of mutation]
  4484 | D:5      | Entered Level 5 of the Dungeon
  4488 | D:5      | Identified a scroll of acquirement
  4488 | D:5      | Acquired a manual of Invocations
  4515 | D:5      | HP: 1/52 [ogre/+0 giant club (27)]
  4585 | D:5      | Reached skill level 7 in Long Blades
  4585 | D:5      | Reached XP level 7. HP: 11/58 MP: 7/7
  4704 | D:5      | Found an ancient bone altar of Kikubaaqudgha.
  4881 | D:5      | Noticed a vampire mosquito
  4910 | D:6      | Reached skill level 8 in Long Blades
  4921 | D:6      | Found a hide-covered altar of Uskayaw.
  5045 | D:5      | Found an ornate altar of the Wu Jian Council.
  5047 | D:5      | Noticed a vampire mosquito
  5063 | D:5      | Killed a vampire mosquito
  5064 | D:5      | Reached XP level 8. HP: 16/67 MP: 8/8
  5236 | D:5      | Reached skill level 9 in Long Blades
  5654 | D:6      | Found a stormy altar of Qazlal.
  5985 | D:6      | Reached skill level 10 in Long Blades
  5985 | D:6      | Reached XP level 9. HP: 65/75 MP: 9/9
  6208 | D:7      | Identified the +6 war axe "Ratz" {protect, Contam rF+++
                  | SInv Stlth-}
  6581 | D:7      | Found a staircase to the Ecumenical Temple.
  6588 | Temple   | Entered the Ecumenical Temple
  6887 | D:6      | Became a worshipper of Uskayaw the Reveller
  6952 | D:7      | Reached * piety under Uskayaw
  6962 | D:7      | Reached ** piety under Uskayaw
  6968 | D:7      | Reached *** piety under Uskayaw
  6971 | D:7      | Reached **** piety under Uskayaw
  7794 | D:8      | Reached skill level 5 in Dodging
  7863 | D:8      | Noticed a hornet
  7866 | D:8      | Paralysed by a hornet for 3 turns
  7876 | D:8      | Killed a hornet
  7877 | D:8      | Reached skill level 11 in Long Blades
  7890 | D:8      | HP: 5/117 [centaur/arrow (7)]
  7892 | D:8      | Killed from afar by a steam dragon

Illustrated notes

Levels and vault maps discovered:
D:1:      saegor_arrival_simple_c, layout_basic, nicolae_figureground_pulse
D:2:      layout_basic, kennysheep_cluttered_room, hangedman_decor_lopped,
          guppyfry_early_lair_pool
D:3:      cheibrodos_thug_alley, layout_basic
D:4:      layout_basic, uniq_pargi
D:5:      cheibrodos_barr_body, layout_basic, mainiacjoe_overflow_alcove_1,
          kennysheep_little_box, minmay_misc_feat_pillars,
          minmay_misc_feat_tiny, due_unseen_surprise
D:6:      layout_cave_pools, lemuel_coloured_pillars_altar,
          mainiacjoe_overflow_cross_hatched, grunt_ministairs_12
D:7:      layout_gridville, minmay_temple_entry_butterflies
D:8:      minmay_s_stair_smasher, layout_basic
Temple:   dpeg_five_rooms_temple

Skill      XL: |  1  2  3  4  5  6  7  8  9 |
---------------+----------------------------+-----
Long Blades    | 4 5 6 7 8 10 11 | 11.1
Fighting       | 3 4 5 6 7 8 9 |  9.9
Dodging        | 5 |  5.4
Throwing       | |  2.0

Action                   |  1- 3 |  4- 6 |  7- 9 || total
-------------------------+-------+-------+-------++-------
Melee: Long sword        |    67 |   164 |   365 ||   596
       Tailslap          |     2 |       |       ||     2
       Punch             |       |     1 |     8 ||     9
Throw: Dart              |       |     8 |     5 ||    13
       Throwing net      |       |       |     2 ||     2
       Javelin           |       |       |     1 ||     1
Evoke: Wand              |       |       |     5 ||     5
  Use: Scroll            |       |    14 |    12 ||    26
       Potion            |       |     9 |     4 ||    13
 Stab: Sleeping          |     1 |     1 |       ||     2
       Paralysed         |       |       |     1 ||     1
Armor: Leather armour    |    11 |    28 |       ||    39
       Skin              |       |    20 |    16 ||    36
       Troll leather arm |       |    12 |    79 ||    91
Dodge: Dodged            |    42 |   120 |   255 ||   417
